 Dungeon Crawl Stone Soup version 0.30-a0-210-g01b79a254e (webtiles) character file.

Game seed: 5888127681301334931

3647 Sobieck the Nimble (level 10, -2/60 HPs)
             Began as a Kobold Earth Elementalist on Oct 4, 2022.
             Was a Believer of Dithmenos.
             Engulfed by a fire crab (shapeshifter)'s flame (20 damage)
             ... on level 8 of the Dungeon.
             The game lasted 00:18:05 (9223 turns).

Sobieck the Nimble (Kobold Earth Elementalist)      Turns: 9223, Time: 00:18:06

Health: -2/60      AC:  9    Str:  5    XL:     10   Next: 33%
Magic:  5/25       EV: 21    Int: 17    God:    Dithmenos [**....]
Gold:   386        SH:  0    Dex: 20    Spells: 7/17 levels left

rFire   . . .      SeeInvis .    a - +3 short sword (venom) {short}
rCold   . . .      Faith    .    (no shield)
rNeg    . . .      Spirit   .    v - +0 robe
rPois   .          Reflect  .    (no helmet)
rElec   .          Harm     .    R - +0 cloak
rCorr   .          Rampage  .    C - +2 pair of gloves
Will    .....                    Q - +2 pair of boots
Stlth   ++++++....               w - amulet of the acrobat
HPRegen 0.30/turn                s - ring of magical power
MPRegen 0.19/turn                q - ring of wizardry

@: wreathed by umbra
A: small, no large weapons, nightstalker 3
a: Renounce Religion, Shadow Step


You were on level 8 of the Dungeon.
You worshipped Dithmenos.
Dithmenos was pleased with you.
You visited 2 branches of the dungeon, and saw 9 of its levels.

You collected 454 gold pieces.
You spent 68 gold pieces at shops.


Innate Abilities, Weirdness & Mutations

You are small and have problems with some larger weapons.
You are completely attuned to the shadows.


   Skills:
 - Level 6.0 Fighting
 - Level 6.0 Short Blades
 + Level 8.9 Dodging
 - Level 8.0 Stealth
 - Level 4.0 Spellcasting
 - Level 4.0 Conjurations
 - Level 1.0 Transmutations
 - Level 7.0 Earth Magic


You had 7 spell levels left.
You knew the following spells:

 Your Spells              Type           Power      Damage    Failure   Level
a - Sandblast             Erth           54%        2d13      1%          1
b - Passwall              Tmut/Erth      14%        N/A       1%          2
c - Stone Arrow           Conj/Erth      44%        3d9       1%          3
d - Petrify               Tmut/Erth      17%        N/A       12%         4

Your spell library contained the following spells:

 Spells                   Type           Power      Damage    Failure   Level
 Foxfire                  Conj/Fire      40%        2x1d6     2%          1
 Fireball                 Conj/Fire      5%         3d5       56%         5
 Starburst                Conj/Fire      5%         6d4       98%         6

Inventory:

Hand Weapons
 a - a +3 short sword of venom (weapon) {short}
   (You took it off a kobold on level 2 of the Dungeon)
 l - a +0 dagger {short}
   (You took it off a goblin on level 1 of the Dungeon)
Missiles
 d - 78 stones {throwing}
 f - 12 poisoned darts {throwing}
 h - 13 boomerangs {throwing}
 I - a throwing net {=f!fthrowing}
Armour
 g - a +0 robe
   (You found it on level 4 of the Dungeon)
 n - a +0 pair of boots
   (You found it on level 1 of the Dungeon)
 p - a +0 scale mail
   (You found it on level 1 of the Dungeon)
 r - a +0 pair of gloves
   (You found it on level 1 of the Dungeon)
 u - a +0 robe
   (You found it on level 5 of the Dungeon)
 v - a +0 robe (worn)
 B - a +0 leather armour
   (You found it on level 2 of the Dungeon)
 C - a +2 pair of gloves (worn)
   (You found it on level 2 of the Dungeon)
 G - a +0 chain mail
   (You found it on level 5 of the Dungeon)
 J - a +0 ring mail
   (You found it on level 3 of the Dungeon)
 L - a +0 ring mail
   (You found it on level 3 of the Dungeon)
 M - a +0 ring mail
   (You took it off an orc on level 5 of the Dungeon)
 Q - a +2 pair of boots (worn)
   (You found it on level 3 of the Dungeon)
 R - a +0 cloak (worn)
   (You found it on level 3 of the Dungeon)
 S - a +0 robe
   (You took it off an orc wizard on level 5 of the Dungeon)
 T - a +0 robe
   (You took it off an orc wizard on level 5 of the Dungeon)
 U - a +0 leather armour
   (You took it off an orc on level 5 of the Dungeon)
 Y - a +0 scale mail
   (You took it off an orc on level 6 of the Dungeon)
 Z - a +0 leather armour
   (You took it off an orc on level 5 of the Dungeon)
Jewellery
 e - a ring of positive energy
   (You found it on level 1 of the Dungeon)
 q - a ring of wizardry (right hand)
   (You found it on level 6 of the Dungeon)
 s - a ring of magical power (left hand)
   (You found it on level 1 of the Dungeon)
 w - an amulet of the acrobat (around neck)
   (You found it on level 2 of the Dungeon)
 F - a ring of resist corrosion
   (You found it on level 2 of the Dungeon)
 N - a ring of see invisible
   (You found it on level 3 of the Dungeon)
Wands
 m - a wand of digging (5)
   (You found it on level 4 of the Dungeon)
 t - a wand of flame (5)
   (You found it on level 7 of the Dungeon)
 y - a wand of roots (14)
   (You found it on level 6 of the Dungeon)
 H - a wand of polymorph (12)
   (You found it on level 3 of the Dungeon)
Scrolls
 i - 5 scrolls of teleportation {@r4}
 o - 2 scrolls of immolation {!r!r}
 z - 2 scrolls of fear
 W - 3 scrolls of poison {!r}
 X - a scroll of fog
Potions
 b - 2 potions of magic
 c - 2 potions of flight {unknown}
 j - a potion of heal wounds {@q2}
 k - 2 potions of lignification {unknown}
 x - 3 potions of berserk rage {unknown}
 A - 3 potions of ambrosia
 D - 3 potions of curing {@q1}
 E - 3 potions of mutation {!q}
 K - 2 potions of haste {@q3}
 O - 3 potions of brilliance {unknown}
 P - a potion of might {unknown}
 V - a potion of attraction {unknown}

Dungeon Overview and Level Annotations

Branches:
Dungeon (8/15) Zot: 26699  Temple (1/1) D:4 Zot: 5949
   Lair: D:8-11

Altars:
Dithmenos
Elyvilon
Fedhas
Gozag
Hepliaklqana
Makhleb
Nemelex Xobeh
Ru
Sif Muna
Trog
Yredelemnul
Zin
The Shining One

Shops:
D:1 * D:4

: #.##..#.# ..#.
#.##.##.# ...
#.##.##)# ##.###
#.......####.....
####.#.......c#^#
#.#.#####..#.##
#.#.##...○○....
#.#.##.##○#####
#....t.##@○○...
###....○t○#####
#########


You could see a centaur warrior and a fire crab.


Message History

You see here a +0 chain mail.
Unknown command.
Your pack is full.
You see here a +0 chain mail.
Your pack is full.
You see here a +0 chain mail.
Could not pick up a +0 chain mail here; ([A]lways) ignore it?
Autopickup disabled for chain mails.
There is a strange disturbance nearby!
Danger!
Unknown command.
Deactivating autopickup; reactivate with Ctrl-A.
You hit something. Something hits you! Something hits you but does no damage.
Unknown command.
You closely miss something. Something hits you. Something barely misses you.
Unknown command.
Something misses you. Something misses you. Something barely misses you.
Something hits you. Something hits you but does no damage.
There is a stone staircase leading up here.
Unknown command.
You barely miss something. Something hits you but does no damage.
Something hits you.
You hit something. Something hits you. Something completely misses you.
There is a stone staircase leading up here.
You barely miss something. Something misses you. Something misses you.
You hit something but do no damage. Something hits you but does no damage.
Something completely misses you.
You hit something. Something closely misses you.
A fire crab comes into view.
Something completely misses you. Something hits you but does no damage.
You closely miss something. Something barely misses you.
Something hits you but does no damage.
Unknown command.
Casting: Petrify (dangerous; 12% risk of failure)
Confirm with . or Enter, or press ? or * to list all spells.
Aiming: Stone Arrow (safe; 1% risk of failure)
Press: ? - help, Shift-Dir - straight line, f - fire crab
Aim: a fire crab (wandering, hasn't noticed you, 86% to hit)
The stone arrow hits something!!
Dithmenos accepts your kill.
Reactivating autopickup.
You feel a bit more experienced.
Danger!
Casting: Stone Arrow (safe; 1% risk of failure)
Confirm with . or Enter, or press ? or * to list all spells.
Aiming: Stone Arrow (safe; 1% risk of failure)
Press: ? - help, Shift-Dir - straight line, f/p - fire crab
Aim: a fire crab (umbra, 86% to hit)
The stone arrow hits the fire crab!
The fire crab barely misses you. x2
Unknown command.
Casting: Stone Arrow (safe; 1% risk of failure)
Confirm with . or Enter, or press ? or * to list all spells.
Aiming: Stone Arrow (safe; 1% risk of failure)
Press: ? - help, Shift-Dir - straight line, f/p - fire crab
Aim: a fire crab (moderately wounded, umbra, 86% to hit)
The stone arrow hits the fire crab but does no damage.
The fire crab barely misses you. The fire crab completely misses you.
Unknown command.
Casting: Stone Arrow (safe; 1% risk of failure)
Confirm with . or Enter, or press ? or * to list all spells.
Aiming: Stone Arrow (safe; 1% risk of failure)
Press: ? - help, Shift-Dir - straight line, f/p - fire crab
Aim: a fire crab (moderately wounded, umbra, 86% to hit)
The stone arrow hits the fire crab!
The fire crab bites you.
You are engulfed in flames!
The fire crab misses you.
Unknown command.
Casting: Stone Arrow (safe; 1% risk of failure)
Confirm with . or Enter, or press ? or * to list all spells.
Aiming: Stone Arrow (safe; 1% risk of failure)
Press: ? - help, Shift-Dir - straight line, f/p - fire crab
Aim: a fire crab (severely wounded, umbra, 86% to hit)
The stone arrow hits the fire crab.
A centaur warrior comes into view.
The fire crab bites you but does no damage.
The fire crab completely misses you.
Unknown command.
Casting: Stone Arrow (safe; 1% risk of failure)
Confirm with . or Enter, or press ? or * to list all spells.
Aiming: Stone Arrow (safe; 1% risk of failure)
Press: ? - help, Shift-Dir - straight line, f/p - fire crab
Aim: a fire crab (severely wounded, umbra, 86% to hit)
The stone arrow hits the fire crab!
The centaur warrior shouts!
The centaur warrior wields a +0 shortbow.
The centaur warrior shoots an arrow.
The arrow hits you!
* * * LOW HITPOINT WARNING * * *
The fire crab breathes flames at you.
The blast of flame engulfs you but does no damage.
Unknown command.
Casting: Stone Arrow (safe; 1% risk of failure)
Confirm with . or Enter, or press ? or * to list all spells.
Aiming: Stone Arrow (safe; 1% risk of failure)
Press: ? - help, Shift-Dir - straight line, f/p - fire crab
Aim: a fire crab (flame, almost dead, umbra, 86% to hit)
The stone arrow hits the fire crab.
You are engulfed in blazing flames.
You die...

Skill      XL: |  1  2  3  4  5  6  7  8  9 10 |
---------------+-------------------------------+-----
Stealth        | 3 4 5 7 8 |  8.0
Short Blades   | 1 2 3 4 6 |  6.0
Fighting       | 1 2 3 5 6 |  6.0
Conjurations   | 1 2 3 4 |  4.0
Dodging        | 3 4 5 6 8 |  8.9
Earth Magic    | 4 5 6 7 |  7.0
Spellcasting   | 3 4 |  4.0
Transmutations | |  1.0

Action                   |  1- 3 |  4- 6 |  7- 9 | 10-12 || total
-------------------------+-------+-------+-------+-------++-------
Melee: Dagger            |     1 |       |       |       ||     1
       Short sword       |       |     3 |   126 |    56 ||   185
       Punch             |       |       |     1 |     2 ||     3
 Cast: Sandblast         |    31 |    95 |    94 |       ||   220
       Passwall          |     1 |     1 |     4 |       ||     6
       Stone Arrow       |       |       |    17 |     7 ||    24
       Petrify           |       |       |       |     3 ||     3
  Use: Scroll            |       |    12 |     3 |       ||    15
       Potion            |       |       |     2 |       ||     2
 Stab: Sleeping          |     1 |     2 |     8 |     1 ||    12
       Petrifying        |       |       |       |     1 ||     1
       Petrified         |       |       |       |     1 ||     1
Armor: Robe              |       |    14 |    36 |    16 ||    66
Dodge: Dodged            |     3 |    37 |   123 |    73 ||   236

Levels and vault maps discovered:
D:1:      dpeg_arrival_windows_large_door, layout_loops_corners,
          shapermc_ecumenical_altar_flowoftime, serial_shops,
          nicolae_shop_statue_plus
D:2:      minmay_angry_zag, layout_rooms, basic_altar, minmay_liquid_box,
          dk_noncrumbling_4, uniq_jessica
D:3:      layout_loops_cross, serial_glass, glass_columns_a, glass_columns_a
D:4:      layout_basic, minmay_temple_entry_nine_rooms, serial_shops,
          kennysheep_little_box
D:5:      lemuel_ice_spiral_2, layout_basic, nicolae_elyvilon_temple_path,
          minitemple, serial_bayou_lake_a
D:6:      layout_basic
D:7:      layout_cave_pools, nicolae_ru_sacrificial_ziggurat
D:8:      minmay_blocky_corners, layout_loops_cross,
          mainiacjoe_overflow_alcove_3, gammafunk_ghost_grave,
          nicolae_ossuary_entry_ruins, nrook_mini_vaults
Temple:   zaba_magenta_temple

Notes
Turn   | Place    | Note
-------+----------+-------------------------------------------
     0 | D:1      | Sobieck the Kobold Earth Elementalist began the quest for
                  | the Orb.
     0 | D:1      | Reached XP level 1. HP: 10/10 MP: 3/3
   256 | D:1      | Reached XP level 2. HP: 16/16 MP: 3/5
   322 | D:1      | Found Veogac's Assorted Antiques.
   516 | D:1      | Found a faded altar of an unknown god.
   669 | D:1      | Bought a scroll labelled OLORUH CAOR for 18 gold pieces
   872 | D:1      | Bought a scroll labelled ZYBBIKHL SITIHI for 18 gold pieces
  1529 | D:2      | Reached skill level 3 in Stealth
  1529 | D:2      | Reached XP level 3. HP: 20/20 MP: 6/6
  1580 | D:2      | Reached skill level 1 in Short Blades
  1616 | D:2      | Learned a level 2 spell: Passwall
  1720 | D:2      | Reached skill level 1 in Fighting
  1756 | D:2      | Found a blossoming altar of Fedhas.
  1790 | D:2      | Noticed Jessica
  1792 | D:2      | Killed Jessica
  1793 | D:2      | Reached skill level 1 in Conjurations
  1793 | D:2      | Reached XP level 4. HP: 25/25 MP: 7/7
  1914 | D:1      | Bought a fuming cyan potion for 16 gold pieces
  2056 | D:1      | Bought an inky potion for 16 gold pieces
  2181 | D:2      | Reached skill level 3 in Dodging
  2318 | D:2      | Learned a level 3 spell: Stone Arrow
  2479 | D:3      | Reached XP level 5. HP: 27/29 MP: 8/8
  2544 | D:3      | Reached skill level 4 in Earth Magic
  3489 | D:4      | Reached skill level 2 in Short Blades
  3544 | D:4      | Reached XP level 6. HP: 35/35 MP: 10/10
  3619 | D:4      | Found a staircase to the Ecumenical Temple.
  3627 | Temple   | Entered the Ecumenical Temple
  3660 | Temple   | Became a worshipper of Dithmenos the Shadowed
  4075 | D:4      | You pick up a book of Geomancy and begin reading...
  4227 | D:4      | Found Ytzapudi's Book Emporium.
  4375 | D:4      | Reached skill level 4 in Stealth
  4547 | D:5      | Entered Level 5 of the Dungeon
  4547 | D:5      | Noticed an ice beast
  4553 | D:5      | Killed an ice beast
  4554 | D:5      | Reached skill level 2 in Fighting
  4554 | D:5      | Reached skill level 3 in Spellcasting
  4617 | D:5      | Reached XP level 7. HP: 40/40 MP: 11/11
  4636 | D:5      | Learned a level 4 spell: Petrify
  4849 | D:5      | Reached skill level 3 in Short Blades
  4849 | D:5      | Reached skill level 2 in Conjurations
  4876 | D:5      | Reached skill level 4 in Dodging
  4955 | D:5      | Reached skill level 5 in Earth Magic
  5334 | D:5      | You pick up a book of Fire and begin reading...
  5334 | D:5      | You add the spells Foxfire, Fireball and Starburst to your
                  | library.
  5337 | D:5      | Found a sparkling altar of Nemelex Xobeh.
  5338 | D:5      | Found a hazy altar of Hepliaklqana.
  5490 | D:5      | Reached XP level 8. HP: 38/45 MP: 13/13
  5708 | D:5      | Found a white marble altar of Elyvilon.
  6033 | D:6      | Reached skill level 3 in Fighting
  6033 | D:6      | Reached skill level 5 in Stealth
  6131 | D:6      | Reached * piety under Dithmenos
  6361 | D:6      | Reached skill level 4 in Short Blades
  6716 | D:6      | HP: 11/46 [something/puff of flame (6)]
  6721 | D:6      | HP: 9/46 [something (2)]
  6752 | D:6      | Reached skill level 3 in Conjurations
  6784 | D:6      | Reached skill level 4 in Spellcasting
  6806 | D:6      | Reached skill level 6 in Earth Magic
  7036 | D:6      | You fall into a shaft and drop 1 floor!
  7093 | D:7      | Reached skill level 5 in Dodging
  7093 | D:7      | Reached XP level 9. HP: 52/52 MP: 15/15
  7129 | D:7      | Found a sacrificial altar of Ru.
  7157 | D:7      | Reached skill level 6 in Stealth
  7469 | D:7      | Reached skill level 4 in Fighting
  7500 | D:6      | Reached skill level 5 in Short Blades
  8070 | D:7      | Reached skill level 4 in Conjurations
  8106 | D:7      | Reached skill level 7 in Earth Magic
  8197 | D:7      | Reached ** piety under Dithmenos
  8241 | D:7      | Reached skill level 6 in Dodging
  8241 | D:7      | Reached skill level 7 in Stealth
  8261 | D:7      | Reached skill level 6 in Short Blades
  8378 | D:7      | Reached skill level 5 in Fighting
  8801 | D:7      | Reached XP level 10. HP: 59/59 MP: 16/16
  9001 | D:8      | Reached skill level 8 in Stealth
  9031 | D:8      | Noticed a harpy
  9071 | D:8      | Reached skill level 7 in Dodging
  9073 | D:8      | Reached skill level 6 in Fighting
  9074 | D:8      | a harpy changed into a human
  9098 | D:8      | Reached skill level 8 in Dodging
  9214 | D:8      | Noticed a fire crab
  9217 | D:8      | Killed an unseen horror
  9221 | D:8      | Noticed a centaur warrior
  9223 | D:8      | Engulfed by a fire crab (shapeshifter)'s flame

Vanquished Creatures
  An unseen horror (D:8)
  A troll (D:8)
  A wyvern (D:7)
  4 yaks
  2 sky beasts
  A black bear (D:5)
  4 ice beasts
  2 ogres
  4 centaurs
  A phantom (D:6)
  2 scorpions
  A gnoll sergeant (D:7)
  2 necrophages
  A scorpion (shapeshifter) (D:8)
  2 jellies
  4 hounds
  5 orc priests
  Jessica (D:2)
  An iguana (D:5)
  7 orc wizards
  11 gnolls
  8 adders
  A shadow imp (D:6)
  2 white imps
  2 worms
  4 dart slugs
  24 orcs
  2 bats (D:3)
  4 endoplasms
  6 giant cockroaches
  6 goblins
  7 hobgoblins
  10 jackals
  2 kobolds (D:2)
  4 quokkas
  6 ball pythons
  4 frilled lizards
  3 rats
153 creatures vanquished.

Vanquished Creatures (others)
  4 plants (D:5)
4 creatures vanquished.

Grand Total: 157 creatures vanquished

Table legend:
 A = Non-vault XP
 B = Vault XP
 C = Vault XP percentage of total XP
 D = Non-vault monster count
 E = Vault monster count
 F = Vault count percentage of total count
                 A         B        C        D         E       F
            +---------+---------+-------+---------+---------+-------
      Total |    4278 |     933 |  17.9 |     145 |       8 |   5.2
            +---------+---------+-------+---------+---------+-------
        D:1 |      23 |       0 |   0.0 |      13 |       0 |   0.0
        D:2 |      60 |      54 |  47.4 |      18 |       4 |  18.2
        D:3 |      74 |       0 |   0.0 |      20 |       0 |   0.0
        D:4 |     160 |       0 |   0.0 |      19 |       0 |   0.0
        D:5 |     826 |       0 |   0.0 |      22 |       0 |   0.0
        D:6 |    1072 |       0 |   0.0 |      22 |       0 |   0.0
        D:7 |    1743 |       0 |   0.0 |      25 |       0 |   0.0
        D:8 |     320 |     879 |  73.3 |       6 |       4 |  40.0
            +---------+---------+-------+---------+---------+-------

Illustrated notes

Table legend:
 A = Kills in this place as a percentage of kills in entire the game.
 B = Kills by you in this place as a percentage of kills by you in the entire game.
 C = Kills by friends in this place as a percentage of kills by friends in the entire game.
 D = Other kills in this place as a percentage of other kills in the entire game.
 E = Experience gained in this place as a percentage of experience gained in the entire game.
 F = Experience gained in this place divided by the number of levels of this place that you have seen.
                   A       B       C       D       E      F
               +-------+-------+-------+-------+-------+----------------------
         Total | 100.0 | 100.0 |   N/A |   N/A | 100.0 | 579.0
       Dungeon | 100.0 | 100.0 |   N/A |   N/A | 100.0 | 651.4
               +-------+-------+-------+-------+-------+----------------------

Table legend: (Time is in decaauts)
 A = Elapsed time spent in this place.
 B = Non-inter-level travel time spent in this place.
 C = Inter-level travel time spent in this place.
 D = Time resting spent in this place.
 E = Time spent auto-exploring this place.
 F = Levels seen in this place.
 G = Mean time per level.
                   A        B        C        D        E       F      G
               +--------+--------+--------+--------+--------+-----+--------+
         Total |   9335 |   8805 |    530 |   1429 |   5920 |   9 | 1037.2 |
       Dungeon |   9284 |   8771 |    513 |   1429 |   5920 |   8 | 1160.5 |
        Temple |     50 |     33 |     17 |      0 |      0 |   1 |   50.0 |
               +--------+--------+--------+--------+--------+-----+--------+

Top non-repeatable levels by time:
     D:5: 1647 daAuts
     D:1: 1490 daAuts
     D:6: 1362 daAuts
     D:7: 1308 daAuts
     D:4: 1157 daAuts
     D:2: 1018 daAuts
     D:3: 999 daAuts
     D:8: 301 daAuts
  Temple: 50 daAuts
